rsa, neutral female human Valkyrie --------- ----------------- |...|...| |.....|.........| -.--- |.|.|.|.--- $ |.---.|.|.-.---.| ..|.. |.|...|.f.| |.....|.|...|...| -.|.---------d|.| -----.|.|.|------.| |.)...%)..dM@.|%| |.....|...| |.| |-------------|.--- |.|.------| |.| |.........| |...| |.|.| |...| |.| |?..*.....| ---.|----.| |.|.-------.| |.*..<../.| |.|.%...|.|.|.........| --|.......^.| |.|.|.--|.|.|---------| |.|......../| |...|.. |...|...|.....| |.|---------- ---...---.|--.|.|.|----.| |.|.....| .. |.......|.| |...|.| |...| -------.|.---.|.---.---.-...---.| -----.---.--- |.......|...|.....|.........|...| |.......| |...|.---.--|.---.|...{.-.---.|.| --------- |...|.....| |.................|.| ----------- --------------------- rsa the Fighter Experience level: 8 Strength: 18/02 Dexterity: 11 Constitution: 18 Intelligence: 8 Wisdom: 10 Charisma: 8 Health: 0(78) Energy: 20(20) Def: 18 Gold: 1157 Moves: 3304 Dungeon seed: nMaFtNaaEa5-B4aI Game ID: rsa_1559895302 Your Inventory: Coins $ - 1157 gold pieces Weapons a - an uncursed rusty +2 war hammer b - a blessed +0 dagger p - an uncursed +0 long sword B - an uncursed +0 crossbow (weapon in hand) Armor e - an uncursed +3 small shield (being worn) n - an uncursed +0 pair of speed boots (being worn) o - a cursed +0 chain mail (being worn) q - an uncursed +0 dwarvish iron helm (being worn) r - a cursed +2 pair of leather gloves (being worn) y - a cursed +1 robe (being worn) Comestibles d - 2 cursed food rations m - a cursed burnt partly eaten food ration X - an uncursed tin of rothe meat Scrolls T - an uncursed scroll of teleportation Spellbooks i - an uncursed spellbook of knock Potions g - an uncursed potion of polymorph t - an uncursed potion of water w - an uncursed potion of gain level S - a blessed potion of object detection Rings Y - a cursed ring of slow digestion Wands s - an uncursed wand of make invisible (0:6) I - a cursed wand of enlightenment (0:3) U - an uncursed wand of polymorph (0:4) W - an uncursed wand of digging (0:4) Tools f - an uncursed oil lamp (lit) (0:591) Z - an uncursed brass lantern (0:1196) Gems j - 2 uncursed emeralds k - 2 uncursed rubies v - an uncursed chrysoberyl z - an uncursed worthless piece of yellow glass N - an uncursed diamond Spells and supernatural/magical abilities: Name Level Category Fail Memory W - pray for help -- divine ? -- Your skills at the end: Miscellaneous Skills shield [Basic] wands [Basic] Weapon Skills dagger [Basic] hammer [Skilled] Spellcasting Skills Final Attributes: You were devoutly aligned. You were cold resistant. You were somewhat stealthy. You could fly. You were very fast. You are dead. Vanquished creatures: a vampire lord a giant mummy a quantum mechanic an ettin mummy a tengu a human mummy a leather golem 2 winter wolf cubs a leprechaun a dwarf mummy 2 brown puddings a white unicorn an ape 2 soldier ants a yellow light 2 bugbears 2 Uruk-hai 2 rock moles 10 gnome lords 2 gnomish wizards a red naga hatchling a black naga hatchling an elf zombie a straw golem 3 giant ants a floating eye 13 dwarves a homunculus a kobold lord a kobold shaman 3 iguanas 2 hill orcs 3 rothes a jitterbug 2 giant bats a monkey a wererat a werejackal 12 killer bees a gas spore 2 hobbits 3 geckos a brown mold a yellow mold a red mold 36 gnomes 2 garter snakes a manes 5 gnome zombies 10 jackals a fox a kobold 2 newts 2 goblins 4 sewer rats 7 grid bugs 3 bats 6 lichens a kobold zombie 176 creatures vanquished. Genocided species: giant ants shriekers 2 species genocided. Voluntary challenges: You did not adorn yourself with jewelry or accessories. You did not cause conflict. You were not invisible. You did not have reflection. You were not displaced. You had been an atheist until turn 2653. You used a wielded weapon 214 times, starting on turn 29. You did not use containers. You did not apply a unicorn horn. You did not use sinks. You read items or engraved 13 times, starting on turn 244. You genocided 2 types of monsters, starting on turn 244. You polymorphed 1 item, starting on turn 3011. You never changed form. You used no wishes. You split 1 pudding, starting on turn 2825. You never wrote Elbereth's name. You violated your moral code, losing 1 point of alignment, starting on turn 737. Dungeon overview: The Dungeons of Doom: levels 1 to 7 Level 1 some fountains a long staircase Level 2 some sinks stairs to The Gnomish Mines Level 3 Level 4 a fountain Level 5 many fountains Level 6 a fountain stairs to Sokoban Level 7 a fountain The Gnomish Mines: levels 3 to 10 Level 3 stairs to The Dungeons of Doom Level 4 Level 5 Level 6 a general store, a temple to Odin, some fountains Level 7 Level 8 Level 9 Level 10 <- You were here a fountain Sokoban: Level 5 a magic chest stairs to The Dungeons of Doom History has recorded: On T:1 you entered the Dungeons of Doom to retrieve the Amulet of Yendor! On T:188 you reached level 2 of The Dungeons of Doom. On T:273 you reached level 1 of The Gnomish Mines. On T:329 you reached level 3 of The Dungeons of Doom. On T:437 you reached level 4 of The Dungeons of Doom. On T:465 you advanced to experience level 2. On T:641 you reached level 5 of The Dungeons of Doom. On T:856 you advanced to experience level 3. On T:877 you received advice from The Oracle. On T:877 you advanced to experience level 4. On T:878 you advanced to experience level 5. On T:967 you reached level 6 of The Dungeons of Doom. On T:993 you reached level 7 of The Dungeons of Doom. On T:1221 you reached level 4 of Sokoban. On T:1964 you advanced to experience level 6. On T:2098 you reached level 2 of The Gnomish Mines. On T:2478 you reached level 3 of The Gnomish Mines. On T:2550 you reached level 4 of The Gnomish Mines. On T:2635 you advanced to experience level 7. On T:2652 you entered the Minetown temple On T:2703 you reached level 5 of The Gnomish Mines. On T:2802 you reached level 6 of The Gnomish Mines. On T:2888 you advanced to experience level 8. On T:2964 you reached level 7 of The Gnomish Mines. On T:2997 you reached level 8 of The Gnomish Mines. On T:2997 you reached the bottom of the Mines. Score breakdown: Gold: 1157 ( 115 points) Experience: 8 levels ( 700 points) Exploration: 10 levels ( 270 points) Discoveries: 30 items ( 1500 points) Variety of kills: 59 monsters ( 2000 points) Major goal: reached Mine's End ( 1000 points) Survival: died (score multiplied by 3) Total score: 16755 Latest messages: The human mummy misses. The human mummy scratches you! You miss the human mummy. (2x) The human mummy scratches you! (2x) You miss the human mummy. (2x) The human mummy scratches you! (2x) You miss the human mummy. (2x) The human mummy scratches you! (2x) You miss the human mummy. (2x) The human mummy misses. (2x) You miss the human mummy. (2x) The human mummy misses. The human mummy scratches you! You miss the human mummy. (2x) The human mummy scratches you! The human mummy misses. You miss the human mummy. (2x) The human mummy misses. (2x) You miss the human mummy. (2x) The human mummy scratches you! (2x) You die... Final status: Farvel rsa the Valkyrie, killed by a human mummy... You died in The Gnomish Mines on dungeon level 10 with 16755 points, and 1157 pieces of gold, after 3304 moves. You were level 8 with a maximum of 78 hit points when you died.